 Dungeon Crawl Stone Soup version 0.30-a0-169-g06f667207d (webtiles) character file.

Game seed: 14413854062090891635

1299 qw the Chopper (level 8, -9/49 HPs)
             Began as a Gargoyle Fighter on Sept 29, 2022.
             Was a Follower of Okawaru.
             Mangled by a gnoll
             ... wielding a +0 halberd
             ... led by a gnoll sergeant
              (11 damage)
             ... on level 5 of the Dungeon.
             The game lasted 00:02:47 (6519 turns).

qw the Chopper (Gargoyle Fighter)                   Turns: 6519, Time: 00:02:48

Health: -9/49      AC: 17    Str: 21    XL:     8   Next: 57%
Magic:  9/11       EV:  9    Int: 10    God:    Okawaru [*.....]
Gold:   219        SH:  5    Dex:  9    Spells: 7/7 levels left

rFire   . . .      SeeInvis .    Y - +1 war axe
rCold   + . .      Faith    .    c - +0 buckler
rNeg    + + .      Spirit   .    i - +0 chain mail
rPois   inf        Reflect  .    (no helmet)
rElec   +          Harm     .    (no cloak)
rCorr   .          Rampage  .    (no gloves)
Will    .....                    e - +0 pair of boots
Stlth   ..........               (no amulet)
HPRegen 0.16/turn                j - ring of positive energy
MPRegen 0.12/turn                f - ring of protection from cold

@: heroic
A: sickness immunity, AC +5, negative energy resistance 1, electricity
resistance, torment resistance 1, petrification resistance
a: Renounce Religion, Heroism


You were on level 5 of the Dungeon.
You worshipped Okawaru.
Okawaru was aware of your devotion.
You visited 2 branches of the dungeon, and saw 6 of its levels.
You also visited: Sewer.

You collected 219 gold pieces.


Innate Abilities, Weirdness & Mutations

You are immune to sickness and miasma.
Your stone body is resilient. (AC +5)
You are immune to poison.
You resist negative energy. (rN+)
You are resistant to electric shocks. (rElec)
You are resistant to unholy torment.
You are immune to petrification.


   Skills:
 - Level 5.0(10.0) Fighting
 + Level 7.4(12.4) Axes
 - Level 3.2(8.2) Armour
 - Level 2.7(7.7) Dodging
 - Level 3.2(8.2) Shields
 - Level 4.0 Invocations


You had 7 spell levels left.
You didn't know any spells.
Your spell library was empty.

Inventory:

Hand Weapons
 b - a +0 flail
 Y - a +1 war axe (weapon)
Armour
 c - a +0 buckler (worn)
 e - a +0 pair of boots (worn)
 i - a +0 chain mail (worn)
Jewellery
 f - a ring of protection from cold (right hand)
 g - a ring of ice
 j - a ring of positive energy (left hand)
 n - an amulet of magic regeneration
Scrolls
 a - 8 scrolls of identify
 m - a scroll of teleportation {unknown}
Potions
 d - a potion of might
 h - 3 potions of curing
 k - a potion of attraction
 l - a potion of invisibility {unknown}

Dungeon Overview and Level Annotations

Branches:
Dungeon (5/15)             Temple (1/1) D:4           Sewer (visited)

Altars:
Cheibriados
Elyvilon
Fedhas
Gozag
Kikubaaqudgha
Nemelex Xobeh
Okawaru
Ru
Sif Muna
Trog
Uskayaw
Xom
Yredelemnul
The Shining One


Message History

You slash the phantom!
The phantom is almost destroyed.
You closely miss the iguana.
The iguana bites you but does no damage.
The gnoll hits you but does no damage.
The gnoll sergeant hits you but does no damage.
The gnoll hits you but does no damage.
The phantom hits you but does no damage.
You closely miss the phantom.
The phantom is almost destroyed.
You hit the iguana.
The iguana bites you but does no damage.
You block the gnoll's attack.
The gnoll sergeant hits you but does no damage.
The gnoll hits you from afar with a +0 halberd.
The phantom hits you but does no damage.
You slash the phantom!
You destroy the phantom!
Okawaru accepts your kill.
You completely miss the iguana.
The iguana bites you but does no damage.
The gnoll sergeant hits you from afar with a +0 spear.
The gnoll hits you but does no damage. The gnoll closely misses you.
You closely miss the iguana.
The iguana is heavily wounded.
The gnoll sergeant hits you but does no damage.
The gnoll hits you but does no damage. x2; You block the iguana's attack.
You slash the iguana!
You kill the iguana!
Okawaru accepts your kill.
The gnoll hits you from afar with a +0 spear!
The gnoll hits you from afar with a +0 halberd!
The gnoll sergeant hits you from afar with a +0 spear.
The gnoll hits you but does no damage. The gnoll sergeant barely misses you.
The gnoll hits you but does no damage.
You slash the gnoll sergeant!
The gnoll sergeant is heavily wounded.
You slash the gnoll! x2
The gnoll hits you but does no damage. The gnoll hits you with a +0 halberd!
You die...

# ###.......##
##############.#
. .......#
#.#### ..
.......# #....#
... .......#
####.# ..#
..#<..## #.# ..#
#.#...#
########'#...#
#.##..#
.............##
#.....#
.......@).....#
.....##
......ggg.###.#
..####
..[.......>.. #
..#
........[.####
..# ######.....
..# #.##### ###
#. #.


You could see a gnoll sergeant and 2 gnolls.

Vanquished Creatures
  Sigmund (D:5)
  A water moccasin (D:5)
  A black bear (D:5)
  An ogre (D:4)
  A phantom (D:5)
  Blork the orc (D:5)
  A bullfrog (Sewer)
  A necrophage (D:5)
  A scorpion (D:5)
  2 hounds
  An orc priest (D:4)
  A gnoll bouda (D:5)
  2 iguanas (D:5)
  2 orc wizards (D:4)
  2 gnolls (D:5)
  10 adders
  2 river rats (D:3)
  A worm (D:2)
  3 dart slugs
  14 orcs
  11 ball pythons
  8 endoplasms
  14 giant cockroaches
  4 goblins
  15 hobgoblins
  2 jackals (D:5)
  6 kobolds
  18 quokkas
  4 bats
  10 frilled lizards
  12 rats
153 creatures vanquished.

Vanquished Creatures (others)
  4 fungi (D:3)
  16 plants
20 creatures vanquished.

Grand Total: 173 creatures vanquished

Notes
Turn   | Place    | Note
-------+----------+-------------------------------------------
     0 | D:1      | qw the Gargoyle Fighter began the quest for the Orb.
     0 | D:1      | Reached XP level 1. HP: 14/14 MP: 1/1
     0 | D:1      | 0 ||| qw: Version: 0.2-a-12-gaebbb33
     0 | D:1      | 0 ||| qw: Game counter: 1310
     0 | D:1      | 0 ||| qw: Always use a shield: true
     0 | D:1      | 0 ||| qw: God list: Okawaru
     0 | D:1      | 0 ||| qw: Allow faded altars: false
     0 | D:1      | 0 ||| qw: Do Orc after D:15 true
     0 | D:1      | 0 ||| qw: Do second Lair branch before Depths: true
     0 | D:1      | 0 ||| qw: Lair rune preference: random
     0 | D:1      | 0 ||| qw: Plans: Normal, Zot:1-4, God:TSO, Crypt, Tomb,
                  | Pan, Slime:5, Hells, Abyss, Orb
     0 | D:1      | 0 ||| PLANNING D:1-11
    51 | D:1      | Reached skill level 2 in Axes
    83 | D:1      | Reached XP level 2. HP: 19/19 MP: 2/2
   464 | D:1      | 464 ||| Stepping ~*~*~tactically~*~*~ (stealth).
   467 | D:1      | Reached skill level 3 in Axes
   469 | D:1      | 469 ||| Stepping ~*~*~tactically~*~*~ (stealth).
   509 | D:1      | 509 ||| Stepping ~*~*~tactically~*~*~ (stealth).
   533 | D:1      | Reached XP level 3. HP: 23/23 MP: 3/3
   773 | D:1      | 773 ||| UPGRADING to +0 pair of boots.
   778 | D:1      | 778 ||| UPGRADING to ring of positive energy.
   779 | D:1      | 779 ||| READING 2 scrolls labelled POOPNY ATTUBRUMP.
   780 | D:1      | 780 ||| READING scroll labelled BIULEM NEOJA.
   781 | D:1      | 781 ||| READING scroll labelled YZEYTO WAEVVY.
   810 | D:2      | 810 ||| Stepping ~*~*~tactically~*~*~ (stealth).
   850 | D:2      | 850 ||| DROPPING +0 club.
  1280 | D:2      | 1280 ||| Stepping ~*~*~tactically~*~*~ (stealth).
  1294 | D:2      | 1294 ||| Stepping ~*~*~tactically~*~*~ (stealth).
  1295 | D:2      | 1295 ||| Stepping ~*~*~tactically~*~*~ (stealth).
  1521 | D:2      | Reached XP level 4. HP: 28/28 MP: 4/4
  1666 | D:2      | Found a faded altar of an unknown god.
  1888 | D:2      | 1888 ||| READING 2 scrolls labelled SOQACR RUEP.
  1889 | D:2      | 1889 ||| READING 4 scrolls of identify.
  1889 | D:2      | 1889 ||| IDENTIFYING smoky orange potion
  1890 | D:2      | 1890 ||| READING 3 scrolls of identify.
  1890 | D:2      | 1890 ||| IDENTIFYING fizzy red potion
  1891 | D:2      | 1891 ||| READING 2 scrolls of identify.
  1891 | D:2      | 1891 ||| IDENTIFYING lumpy coppery potion
  1892 | D:2      | 1892 ||| DROPPING potion of brilliance.
  1893 | D:2      | 1893 ||| DROPPING scroll of summoning.
  2015 | D:3      | 2015 ||| PLANNING SEWER
  2036 | D:3      | Found a glowing drain.
  2046 | D:3      | 2046 ||| Stepping ~*~*~tactically~*~*~ (stealth).
  2084 | D:3      | Reached skill level 4 in Axes
  2190 | D:3      | 2190 ||| Stepping ~*~*~tactically~*~*~ (stealth).
  2339 | D:3      | 2339 ||| FLEEEEING.
  2345 | D:3      | 2345 ||| FLEEEEING.
  2346 | D:3      | 2346 ||| FLEEEEING.
  2347 | D:3      | 2347 ||| FLEEEEING.
  2348 | D:3      | 2348 ||| FLEEEEING.
  2349 | D:3      | 2349 ||| FLEEEEING.
  2350 | D:3      | 2350 ||| FLEEEEING.
  2351 | D:3      | 2351 ||| FLEEEEING.
  2352 | D:3      | 2352 ||| FLEEEEING.
  2353 | D:3      | 2353 ||| FLEEEEING.
  2357 | D:3      | 2357 ||| FLEEEEING.
  2358 | D:3      | 2358 ||| FLEEEEING.
  2359 | D:3      | 2359 ||| FLEEEEING.
  2360 | D:3      | 2360 ||| FLEEEEING.
  2361 | D:3      | 2361 ||| FLEEEEING.
  2362 | D:3      | 2362 ||| FLEEEEING.
  2363 | D:3      | 2363 ||| FLEEEEING.
  2364 | D:3      | 2364 ||| FLEEEEING.
  2365 | D:3      | 2365 ||| FLEEEEING.
  2366 | D:3      | 2366 ||| FLEEEEING.
  2367 | D:3      | 2367 ||| FLEEEEING.
  2471 | D:3      | 2471 ||| FLEEEEING.
  2472 | D:3      | 2472 ||| FLEEEEING.
  2473 | D:3      | 2473 ||| FLEEEEING.
  2481 | D:3      | 2481 ||| FLEEEEING.
  2487 | D:3      | 2487 ||| FLEEEEING.
  2488 | D:3      | 2488 ||| FLEEEEING.
  2489 | D:3      | 2489 ||| FLEEEEING.
  2490 | D:3      | 2490 ||| FLEEEEING.
  2491 | D:3      | 2491 ||| FLEEEEING.
  2498 | D:3      | 2498 ||| FLEEEEING.
  2499 | D:3      | 2499 ||| FLEEEEING.
  2500 | D:3      | 2500 ||| FLEEEEING.
  2501 | D:3      | 2501 ||| FLEEEEING.
  2502 | D:3      | 2502 ||| FLEEEEING.
  2503 | D:3      | 2503 ||| FLEEEEING.
  2504 | D:3      | 2504 ||| FLEEEEING.
  2505 | D:3      | 2505 ||| FLEEEEING.
  2510 | D:3      | 2510 ||| FLEEEEING.
  2511 | D:3      | 2511 ||| FLEEEEING.
  2512 | D:3      | 2512 ||| FLEEEEING.
  2513 | D:3      | 2513 ||| FLEEEEING.
  2514 | D:3      | 2514 ||| FLEEEEING.
  2515 | D:3      | 2515 ||| FLEEEEING.
  2516 | D:3      | 2516 ||| FLEEEEING.
  2517 | D:3      | 2517 ||| FLEEEEING.
  2518 | D:3      | 2518 ||| FLEEEEING.
  2519 | D:3      | 2519 ||| FLEEEEING.
  2520 | D:3      | 2520 ||| FLEEEEING.
  2521 | D:3      | 2521 ||| FLEEEEING.
  2522 | D:3      | 2522 ||| FLEEEEING.
  2523 | D:3      | 2523 ||| FLEEEEING.
  2524 | D:3      | 2524 ||| FLEEEEING.
  2525 | D:3      | 2525 ||| FLEEEEING.
  2526 | D:3      | 2526 ||| FLEEEEING.
  2527 | D:3      | 2527 ||| FLEEEEING.
  2528 | D:3      | 2528 ||| FLEEEEING.
  2529 | D:3      | 2529 ||| FLEEEEING.
  2530 | D:3      | 2530 ||| FLEEEEING.
  2531 | D:3      | 2531 ||| FLEEEEING.
  2532 | D:3      | 2532 ||| FLEEEEING.
  2533 | D:3      | 2533 ||| FLEEEEING.
  2534 | D:3      | 2534 ||| FLEEEEING.
  2543 | D:3      | 2543 ||| FLEEEEING.
  2544 | D:3      | 2544 ||| FLEEEEING.
  2553 | D:3      | 2553 ||| STAIRDANCE
  2587 | D:3      | 2587 ||| FLEEEEING.
  2588 | D:3      | 2588 ||| FLEEEEING.
  2592 | D:3      | 2592 ||| FLEEEEING.
  2593 | D:3      | 2593 ||| FLEEEEING.
  2595 | D:3      | 2595 ||| STAIRDANCE
  2599 | D:3      | 2599 ||| STAIRDANCE
  2605 | D:3      | 2605 ||| STAIRDANCE
  2612 | D:3      | 2612 ||| FLEEEEING.
  2613 | D:3      | 2613 ||| FLEEEEING.
  2614 | D:3      | 2614 ||| FLEEEEING.
  2615 | D:3      | 2615 ||| STAIRDANCE
  2623 | D:3      | 2623 ||| STAIRDANCE
  2650 | Sewer    | Entered a sewer
  2669 | Sewer    | 2669 ||| Stepping ~*~*~tactically~*~*~ (water).
  2813 | Sewer    | 2813 ||| Stepping ~*~*~tactically~*~*~ (water).
  2869 | Sewer    | 2869 ||| Stepping ~*~*~tactically~*~*~ (water).
  2954 | Sewer    | Reached XP level 5. HP: 32/32 MP: 5/5
  3035 | Sewer    | 3035 ||| Stepping ~*~*~tactically~*~*~ (stealth).
  3090 | Sewer    | Reached skill level 5 in Axes
  3152 | Sewer    | Reached XP level 6. HP: 31/39 MP: 6/6
  3210 | Sewer    | 3210 ||| UPGRADING to +0 chain mail.
  3220 | Sewer    | 3220 ||| DROPPING +0 scale mail.
  3221 | Sewer    | 3221 ||| READING scroll labelled SORYMP XORGH.
  3237 | D:3      | 3237 ||| PLANNING D:1-11
  3334 | D:3      | You fall into a shaft and drop 1 floor!
  3458 | D:4      | Found a staircase to the Ecumenical Temple.
  3471 | D:4      | 3471 ||| PLANNING TEMPLE
  3482 | Temple   | Entered the Ecumenical Temple
  3636 | Temple   | 3636 ||| PLANNING OKAWARU WORSHIP
  3678 | Temple   | Became a worshipper of Warmaster Okawaru
  3679 | Temple   | 3679 ||| PLANNING D:1-11
  4093 | D:3      | Found a sacrificial altar of Ru.
  4499 | D:4      | 4499 ||| FLEEEEING.
  4500 | D:4      | 4500 ||| FLEEEEING.
  4501 | D:4      | 4501 ||| FLEEEEING.
  4502 | D:4      | 4502 ||| FLEEEEING.
  4503 | D:4      | 4503 ||| FLEEEEING.
  4504 | D:4      | 4504 ||| FLEEEEING.
  4505 | D:4      | 4505 ||| FLEEEEING.
  4506 | D:4      | 4506 ||| FLEEEEING.
  4508 | D:4      | 4508 ||| FLEEEEING.
  4509 | D:4      | 4509 ||| FLEEEEING.
  4510 | D:4      | 4510 ||| FLEEEEING.
  4511 | D:4      | 4511 ||| FLEEEEING.
  4512 | D:4      | 4512 ||| FLEEEEING.
  4513 | D:4      | 4513 ||| FLEEEEING.
  4516 | D:4      | 4516 ||| FLEEEEING.
  4517 | D:4      | 4517 ||| FLEEEEING.
  4518 | D:4      | 4518 ||| FLEEEEING.
  4519 | D:4      | 4519 ||| FLEEEEING.
  4520 | D:4      | 4520 ||| FLEEEEING.
  4521 | D:4      | 4521 ||| FLEEEEING.
  4522 | D:4      | 4522 ||| FLEEEEING.
  4523 | D:4      | 4523 ||| FLEEEEING.
  4525 | D:4      | 4525 ||| FLEEEEING.
  4526 | D:4      | 4526 ||| FLEEEEING.
  4527 | D:4      | 4527 ||| FLEEEEING.
  4531 | D:4      | 4531 ||| FLEEEEING.
  4536 | D:4      | 4536 ||| FLEEEEING.
  4537 | D:4      | 4537 ||| FLEEEEING.
  4538 | D:4      | 4538 ||| FLEEEEING.
  4539 | D:4      | 4539 ||| FLEEEEING.
  4540 | D:4      | 4540 ||| STAIRDANCE
  4690 | D:4      | 4690 ||| STAIRDANCE
  4697 | D:4      | 4697 ||| STAIRDANCE
  4702 | D:4      | 4702 ||| STAIRDANCE
  4809 | D:4      | 4809 ||| STAIRDANCE
  4814 | D:4      | 4814 ||| STAIRDANCE
  4829 | D:4      | 4829 ||| DROPPING +0 whip.
  4865 | D:4      | 4865 ||| Stepping ~*~*~tactically~*~*~ (stealth).
  4867 | D:4      | 4867 ||| Stepping ~*~*~tactically~*~*~ (stealth).
  5146 | D:4      | HP: 3/39 [ogre/+0 giant club (18)]
  5148 | D:4      | Reached skill level 6 in Axes
  5148 | D:4      | Reached XP level 7. HP: 4/44 MP: 7/7
  5637 | D:4      | 5637 ||| UPGRADING to ring of protection from cold.
  5648 | D:5      | Entered Level 5 of the Dungeon
  5654 | D:5      | 5654 ||| STAIRDANCE
  5682 | D:5      | 5682 ||| STAIRDANCE
  5740 | D:5      | Found a snail-covered altar of Cheibriados.
  5757 | D:5      | Noticed Sigmund
  5758 | D:5      | 5758 ||| Stepping ~*~*~tactically~*~*~ (hiding).
  5768 | D:5      | Killed Sigmund
  5768 | D:5      | Reached * piety under Okawaru
  5782 | D:5      | 5782 ||| INVOKING Heroism.
  5783 | D:5      | 5783 ||| INVOKING Heroism.
  5793 | D:5      | Reached skill level 1 in Invocations
  5878 | D:5      | Reached XP level 8. HP: 48/48 MP: 9/9
  5944 | D:5      | Noticed Blork the orc
  5945 | D:5      | 5945 ||| Stepping ~*~*~tactically~*~*~ (hiding).
  5946 | D:5      | 5946 ||| Stepping ~*~*~tactically~*~*~ (hiding).
  5947 | D:5      | 5947 ||| Stepping ~*~*~tactically~*~*~ (hiding).
  5950 | D:5      | 5950 ||| INVOKING Heroism.
  5962 | D:5      | Killed Blork the orc
  5963 | D:5      | Reached skill level 3 in Invocations
  6109 | D:5      | Found a white marble altar of Elyvilon.
  6197 | D:5      | Reached skill level 7 in Axes
  6255 | D:5      | 6255 ||| INVOKING Heroism.
  6499 | D:5      | 6499 ||| INVOKING Heroism.
  6512 | D:5      | 6512 ||| INVOKING Heroism.
  6517 | D:5      | HP: 8/49 [gnoll/+0 halberd[a gnoll sergeant] (8)]
  6517 | D:5      | HP: 2/49 [gnoll sergeant/+0 spear (6)]
  6519 | D:5      | Mangled by a gnoll

Levels and vault maps discovered:
D:1:      scummos_arrival_hexagon, layout_rooms, serial_bayou_pond_c,
          ebering_dispersal_statue_hall, minmay_unequal
D:2:      layout_loops_corners, shapermc_ecumenical_altar_gd, serial_bayou,
          serial_bayou_shore_b, serial_bayou_pond_d, serial_bayou_pond_c,
          serial_bayou_lagoon_a, minmay_heptomino_o4
D:3:      layout_loops_ring, nicolae_ru_the_path_less_chosen,
          portal_sewer_entry_c, kennysheep_flooded_box
D:4:      layout_layer_cave, minmay_temple_entry_antechambers
D:5:      minmay_diamond_boxcup, layout_basic, elyvilon_altar_1,
          cheibriados_altar_1, goddamned_bats, uniq_blork_the_orc, uniq_sigmund
Temple:   grunt_temple_mini_profane

Skill      XL: |  1  2  3  4  5  6  7  8 |
---------------+-------------------------+-----
Axes           | 2 3 4 5 6 7 |  7.4
Fighting       | 4 5 |  5.0
Dodging        | 2 |  2.7
Invocations    | 2 4 |  4.0
Armour         | |  3.2
Shields        | |  3.2

Action                   |  1- 3 |  4- 6 |  7- 9 || total
-------------------------+-------+-------+-------++-------
Melee: War axe           |   139 |   258 |   123 ||   520
Invok: Heroism           |       |       |     5 ||     5
  Use: Scroll            |     3 |     5 |       ||     8
Armor: Scale mail        |    62 |    95 |       ||   157
       Chain mail        |       |    69 |   101 ||   170
Dodge: Dodged            |    51 |   107 |    62 ||   220
Block: Buckler           |    21 |    59 |    33 ||   113

Table legend:
 A = Non-vault XP
 B = Vault XP
 C = Vault XP percentage of total XP
 D = Non-vault monster count
 E = Vault monster count
 F = Vault count percentage of total count
                 A         B        C        D         E       F
            +---------+---------+-------+---------+---------+-------
      Total |     960 |     897 |  48.3 |      86 |      67 |  43.8
            +---------+---------+-------+---------+---------+-------
        D:1 |      46 |       8 |  14.8 |      28 |       4 |  12.5
        D:2 |      29 |       6 |  17.1 |      14 |       2 |  12.5
        D:3 |      57 |      46 |  44.7 |      16 |       8 |  33.3
        D:4 |     320 |       0 |   0.0 |      17 |       0 |   0.0
        D:5 |     508 |     638 |  55.7 |      11 |      12 |  52.2
      Sewer |       0 |     199 | 100.0 |       0 |      41 | 100.0
            +---------+---------+-------+---------+---------+-------
